AoeStats
← spadaccinho91

Golden Pit

510175276Analyzed
1v1 RM · 2d ago on Sep 29, 2026· 92m 37s· 2 players
Game mode
Random Map
Map size
Tiny (2 player)
Population
200
Speed
Normal
Resources
Standard
Victory
Conquest
Starting age
Dark Age
Ending age
Imperial Age
RankedLock teamsTeams togetherTeam positionsShared explorationLock speedFull tech treeHidden civsTurbo modeCheats
Victory
Defeat
🇫🇷 Armenians · France
996
+17
🇮🇹 Malians · Italy
1012
-17
Bouammala
10:26 Loom
12:48 Feudal Age
13:41 Arson
13:17 Man-at-Arms
14:09 Double-Bit Axe
15:06 Pikeman
15:07 Long Swordsman
16:43 Forging
16:34 Scale Mail Armor
16:26 Fletching
20:50 Pikeman
23:32 Stone Mining
27:52 Castle Age
30:44 Horse Collar
34:06 Imperial Age
33:33 Gold Mining
33:58 Bow Saw
36:40 Wheelbarrow
37:46 Chemistry
37:31 Masonry
37:57 Gambesons
38:14 Squires
38:49 Two-Handed Swordsman
43:02 Iron Casting
43:06 Heavy Plow
42:53 Town Watch
45:07 Gold Shaft Mining
46:06 Ballistics
45:43 Murder Holes
47:38 Hand Cart
53:31 Champion
55:16 Blast Furnace
54:32 Chain Mail Armor
55:22 Fereters
55:20 Elite Composite Bowman
57:36 Bodkin Arrow
57:41 Padded Archer Armor
58:12 Plate Mail Armor
58:52 Bracer
68:41 Leather Archer Armor
69:04 Halberdier
72:47 Ring Archer Armor
77:38 Hoardings
81:16 Scale Barding Armor
82:14 Conscription
88:09 Chain Barding Armor
spadaccinho91
4:36 Loom
9:20 Feudal Age
10:04 Double-Bit Axe
12:56 Bloodlines
16:38 Scale Barding Armor
19:57 Castle Age
23:01 Stone Mining
28:39 Wheelbarrow
28:38 Bow Saw
28:55 Tigui
33:47 Wheelbarrow
38:36 Imperial Age
38:24 Gold Mining
38:21 Town Watch
43:18 Hand Cart
42:48 Town Watch
43:50 Conscription
44:35 Forging
44:26 Scale Mail Armor
45:37 Bow Saw
45:29 Town Patrol
46:15 Iron Casting
46:09 Masonry
46:22 Ballistics
47:03 Chemistry
46:46 Chain Mail Armor
46:23 Fletching
46:25 Sappers
48:11 Farimba
48:21 Scale Barding Armor
49:43 Hoardings
49:40 Architecture
51:30 Hoardings
51:19 Guilds
51:56 Plate Mail Armor
51:22 Bodkin Arrow
51:24 Elite Gbeto
52:20 Horse Collar
53:00 Scale Barding Armor
53:20 Light Cavalry
54:01 Husbandry
65:29 Capped Ram
72:22 Gold Shaft Mining
79:15 Chain Barding Armor
85:58 Padded Archer Armor
86:35 Thumb Ring
86:25 Elite Skirmisher
88:11 Leather Archer Armor
93:01 Ring Archer Armor
Connection lost

Rejoining the realm…

Still unreachable

The connection could not be restored.

Session expired

The server has moved on; the page needs a fresh start.